 Dungeon Crawl Stone Soup version 0.29.1-4-g47bece8355 (webtiles) character file.

Game seed: 17372102897503760254

197 Hercules1031 the Blocker (level 5, 0/41 HPs)
             Began as a Gnoll Wanderer on Dec 11, 2022.
             Was a Follower of Ashenzari.
             Slain by ymhsbmbesitwf's ghost (10 damage)
             ... on level 4 of the Dungeon.
             The game lasted 00:10:51 (3135 turns).

Hercules1031 the Blocker (Gnoll Wanderer)           Turns: 3135, Time: 00:10:51

Health: 0/41       AC:  0    Str: 15    XL:     5   Next: 75%
Magic:  7/7        EV:  9    Int: 10    God:    Ashenzari [*.....]
Gold:   177        SH:  9    Dex: 18    Spells: 7/7 levels left

rFire   . . .      SeeInvis .   o - +0 war axe
rCold   . . .      Faith    .   b - +2 buckler
rNeg    + + .      Spirit   .   v - +0 plate armour
rPois   .          Reflect  .   (no helmet)
rElec   .          Harm     .   (no cloak)
rCorr   .          Rampage  .   (no gloves)
Will    .....                   c - +0 pair of boots "Prison of Ashenzari" {Alch, Fort} (curse)
Stlth   ..........              n - amulet of regeneration
HPRegen 0.93/turn               i - ring of the Restrained Moon {Drain rN++ EV+4 Dex+7, Elem, Melee} (curse)
MPRegen 0.10/turn               (no ring)

@: mighty, corroded
A: fangs 1, strong nose, distributed training
a: Renounce Religion, Shatter the Chains


You were on level 4 of the Dungeon.
You worshipped Ashenzari.
Ashenzari was aware of your devotion.
You visited 1 branch of the dungeon, and saw 4 of its levels.

You collected 177 gold pieces.

Inventory:

Hand Weapons
 a - a +0 scimitar
 o - a +0 war axe (weapon)
Armour
 b - a +2 buckler (worn)
 c - the cursed +0 pair of boots "Prison of Ashenzari" (worn) {Alch, Fort}

   It has a curse which improves the following skills: Alchemy: Poison Magic and
   Transmutations.
   Fortitude: Armour and Shields.
 j - a scarf of repulsion
 v - a +0 plate armour (worn)
Jewellery
 i - the cursed ring of the Restrained Moon (left hand) {Drain rN++ EV+4 Dex+7, Elem, Melee}
   (You found it on level 2 of the Dungeon)

   [ring of evasion]

   EV:        It affects your evasion (+4).
   Dex:       It affects your dexterity (+7).
   rN:        It greatly protects you from negative energy.
   Drain:     It drains your maximum health when unequipped.
   It has a curse which improves the following skills: Elements: Fire Magic, Ice
   Magic, Air Magic and Earth Magic.
   Melee Combat: Short Blades, Long Blades, Axes, Maces & Flails, Polearms,
   Staves and Unarmed Combat.
 l - a ring of resist corrosion
 n - an amulet of regeneration (around neck)
Wands
 q - a wand of mindburst (16)
Scrolls
 d - a scroll of fear
 e - 2 scrolls of magic mapping
 g - 2 scrolls of identify
Potions
 h - a potion of resistance
 k - 2 potions of flight
 t - a potion of curing
 u - a potion of brilliance
 w - a potion of attraction


   Skills:
 + Level 3.1 Fighting
 + Level 1.7(2.3) Short Blades
 + Level 1.7(2.3) Long Blades
 + Level 4.9(5.7) Axes
 + Level 1.7(2.3) Maces & Flails
 + Level 1.7(2.3) Polearms
 + Level 1.7(2.3) Staves
 + Level 1.7 Ranged Weapons
 + Level 1.7 Throwing
 + Level 1.7(2.3) Armour
 + Level 4.9 Dodging
 + Level 1.7 Stealth
 + Level 8.7(9.5) Shields
 + Level 1.7(2.3) Unarmed Combat
 + Level 1.7 Spellcasting
 + Level 1.3 Conjurations
 + Level 1.3 Hexes
 + Level 1.3 Summonings
 + Level 1.3 Necromancy
 + Level 1.3 Translocations
 + Level 1.3(1.9) Transmutations
 + Level 1.3(1.9) Fire Magic
 + Level 1.3(1.9) Ice Magic
 + Level 1.3(1.9) Air Magic
 + Level 1.3(1.9) Earth Magic
 + Level 1.3(1.9) Poison Magic
 + Level 3.2 Invocations
 + Level 1.7 Evocations


You had 7 spell levels left.
You didn't know any spells.
Your spell library contained the following spells:

 Spells                   Type           Power      Damage    Failure   Level
 Summon Forest            Summ/Tloc      1%         N/A       100%        5
 Summon Mana Viper        Hex/Summ       3%         N/A       100%        5
 Summon Cactus Giant      Summ           1%         N/A       100%        6


Dungeon Overview and Level Annotations

Branches:
Dungeon (4/15)
 Temple: D:4-7

Altars:
Ashenzari
Kikubaaqudgha
Nemelex Xobeh
Sif Muna
Zin

Annotations:
D:4 ymhsbmbesitwf's ghost, amateur MfGl


Innate Abilities, Weirdness & Mutations

You have very sharp teeth.
Your uncanny sense of smell can sniff out nearby items.
Your experience applies equally to all skills.


Message History

Ymhsbmbesitwf's ghost barely misses you.
The jelly hits you.
You are splashed with acid!
You slash ymhsbmbesitwf's ghost!
Ymhsbmbesitwf's ghost is lightly damaged.
You hit the jelly. The acid corrodes you!
Your hands burn!
You block the jelly's attack. Ymhsbmbesitwf's ghost hits you.
Unknown command.
You hit ymhsbmbesitwf's ghost.
Ymhsbmbesitwf's ghost is moderately damaged.
You hit the jelly but do no damage. The acid corrodes you!
Your hands burn!
You block ymhsbmbesitwf's ghost's attack.
The jelly hits you. The acid corrodes you!
You are splashed with acid.
Unknown command.
You hit ymhsbmbesitwf's ghost but do no damage.
Your bite misses ymhsbmbesitwf's ghost.
Ymhsbmbesitwf's ghost is moderately damaged.
You hit the jelly. The acid corrodes you!
Your hands burn!
* * * LOW HITPOINT WARNING * * *
The jelly barely misses you. Ymhsbmbesitwf's ghost hits you!
* * * LOW HITPOINT WARNING * * *
You feel much better. The jelly hits you.
You are splashed with acid!
Ymhsbmbesitwf's ghost closely misses you.
You feel very mighty all of a sudden. The jelly hits you.
You are splashed with acid!
* * * LOW HITPOINT WARNING * * *
You block ymhsbmbesitwf's ghost's attack.
You completely miss ymhsbmbesitwf's ghost.
You bite ymhsbmbesitwf's ghost, but do no damage.
Ymhsbmbesitwf's ghost is moderately damaged.
You slash the jelly!
You kill the jelly!
Ymhsbmbesitwf's ghost barely misses you. x2
Unknown command.
You hit ymhsbmbesitwf's ghost.
Ymhsbmbesitwf's ghost is moderately damaged.
You block ymhsbmbesitwf's ghost's attack.
You hit ymhsbmbesitwf's ghost but do no damage.
Ymhsbmbesitwf's ghost is moderately damaged.
Ymhsbmbesitwf's ghost hits you!
You die...

#.#...........##..##
.##...............#..#
...........(.........#
.....................#
.........#########...#
....[....#.......#...#
.........#..###..#..##
.........W..###..#..#
........@'.....!.#..#
.........'..###$.#..#
.........#..###..#..#
##.......#.......#..#
###.....#########..##
#..................#
....................#
......#####....###..#
.# ###......##


You could see ymhsbmbesitwf's ghost.

Vanquished Creatures
  2 jellies
  Jessica (D:2)
  5 adders (D:2)
  A dart slug (D:3)
  An orc (D:3)
  3 bats
  5 endoplasms
  5 giant cockroaches
  3 goblins
  10 hobgoblins
  6 jackals
  5 kobolds
  A quokka (D:1)
  10 ball pythons
  5 rats
63 creatures vanquished.

Vanquished Creatures (others)
  2 orc wizards (D:3)
2 creatures vanquished.

Grand Total: 65 creatures vanquished

Notes
Turn   | Place    | Note
-------+----------+-------------------------------------------
     0 | D:1      | Hercules1031 the Gnoll Wanderer began the quest for the
                  | Orb.
     0 | D:1      | Hercules1031 set off with the following items: a +0 hand
                  | axe, a +2 buckler, a +0 pair of boots, a scroll of fear, a
                  | +0 leather armour.
     0 | D:1      | Reached XP level 1. HP: 17/17 MP: 2/2
    31 | D:1      | Found a faded altar of an unknown god.
   162 | D:1      | Reached XP level 2. HP: 16/23 MP: 3/3
  1045 | D:1      | Reached XP level 3. HP: 28/28 MP: 4/4
  1408 | D:2      | Noticed Jessica
  1424 | D:2      | Killed Jessica
  1425 | D:2      | Reached skill level 1 in Short Blades
  1425 | D:2      | Reached skill level 1 in Long Blades
  1425 | D:2      | Reached skill level 1 in Maces & Flails
  1425 | D:2      | Reached skill level 1 in Polearms
  1425 | D:2      | Reached skill level 1 in Staves
  1425 | D:2      | Reached skill level 1 in Ranged Weapons
  1425 | D:2      | Reached skill level 1 in Throwing
  1425 | D:2      | Reached skill level 1 in Armour
  1425 | D:2      | Reached skill level 1 in Stealth
  1425 | D:2      | Reached skill level 1 in Unarmed Combat
  1425 | D:2      | Reached skill level 1 in Spellcasting
  1425 | D:2      | Reached skill level 1 in Evocations
  1453 | D:2      | Reached XP level 4. HP: 34/34 MP: 6/6
  1628 | D:2      | Reached skill level 1 in Conjurations
  1628 | D:2      | Reached skill level 1 in Hexes
  1628 | D:2      | Reached skill level 1 in Summonings
  1628 | D:2      | Reached skill level 1 in Necromancy
  1628 | D:2      | Reached skill level 1 in Translocations
  1628 | D:2      | Reached skill level 1 in Transmutations
  1628 | D:2      | Reached skill level 1 in Fire Magic
  1628 | D:2      | Reached skill level 1 in Ice Magic
  1628 | D:2      | Reached skill level 1 in Air Magic
  1628 | D:2      | Reached skill level 1 in Earth Magic
  1628 | D:2      | Reached skill level 1 in Poison Magic
  1656 | D:2      | Identified the ring "Ratiuwn" {Drain rN++ EV+4 Dex+7}
  1887 | D:2      | Found a broken altar of Ashenzari.
  1902 | D:2      | Became a worshipper of Ashenzari the Shackled
  2072 | D:2      | Reached XP level 5. HP: 40/40 MP: 7/7
  2207 | D:3      | Found an ancient bone altar of Kikubaaqudgha.
  2369 | D:3      | Found a shimmering blue altar of Sif Muna.
  2585 | D:3      | Found a sparkling altar of Nemelex Xobeh.
  2799 | D:3      | Found a glowing silver altar of Zin.
  3088 | D:4      | Reached * piety under Ashenzari
  3092 | D:4      | Found a runed translucent gate.
  3093 | D:4      | Found a runed translucent gate.
  3099 | D:4      | Noticed ymhsbmbesitwf's ghost (amateur MfGl)
  3109 | D:4      | Found a runed translucent gate.
  3135 | D:4      | Slain by ymhsbmbesitwf's ghost

Illustrated notes

Levels and vault maps discovered:
D:1:      ncdulo_smallfort, layout_basic, chequers_ecumenical_altar_simple
D:2:      layout_basic, basic_altar, patterned_corridor, uniq_jessica
D:3:      layout_rooms, led_sif_book, nemelex_altar_shiori,
          overflow_temple_1_default, mainiacjoe_overflow_small_starburst
D:4:      layout_cave_pools, gammafunk_ghost_split

Skill      XL: |  1  2  3  4  5 |
---------------+----------------+-----
Short Blades   | 1 |  1.7
Long Blades    | 1 |  1.7
Maces & Flails | 1 |  1.7
Polearms       | 1 |  1.7
Staves         | 1 |  1.7
Ranged Weapons | 1 |  1.7
Throwing       | 1 |  1.7
Armour         | 1 |  1.7
Stealth        | 1 |  1.7
Unarmed Combat | 1 |  1.7
Spellcasting   | 1 |  1.7
Evocations     | 1 |  1.7
Conjurations   | 1 |  1.3
Hexes          | 1 |  1.3
Summonings     | 1 |  1.3
Necromancy     | 1 |  1.3
Translocations | 1 |  1.3
Transmutations | 1 |  1.3
Fire Magic     | 1 |  1.3
Ice Magic      | 1 |  1.3
Air Magic      | 1 |  1.3
Earth Magic    | 1 |  1.3
Poison Magic   | 1 |  1.3
Invocations    | 3 |  3.2
Fighting       | 3 |  3.1
Axes           | |  4.9
Dodging        | |  4.9
Shields        | |  8.7

Action                   |  1- 3 |  4- 6 || total
-------------------------+-------+-------++-------
Melee: Hand axe          |    92 |   108 ||   200
       Bite              |    12 |    14 ||    26
       War axe           |       |    33 ||    33
Invok: Curse Item        |       |     2 ||     2
  Use: Scroll            |       |     4 ||     4
       Potion            |       |     2 ||     2
Armor: Leather armour    |    18 |       ||    18
       Ring mail         |     2 |       ||     2
       Scale mail        |    10 |    40 ||    50
       Plate armour      |       |     8 ||     8
Dodge: Dodged            |    48 |    77 ||   125
Block: Buckler           |    43 |    55 ||    98
